Map: Frozen Temple

Players

uThermal - Winner!

  • Race: Terran Terran

iAsonu

  • Race: Zerg Zerg

Event: DreamHack Open Tours WCS Spring Championship

VOD

Have the link to the VOD?

Description

Time

  • Played on: May 14, 2016, 6:18 a.m.
  • Length: 6:55

All games in this series

Show
View Real Time Build Order
Export as new Build Order

uThermal Terran - Winner!

Build Orders:  

Get SALT Encoding   

  12  0:12  Supply Depot  
  12  0:17  SCV  
  13  0:36  Barracks  
  13  0:39  Refinery  
  13  0:54  Barracks  
  13  0:59  SCV  
  14  1:22  Reaper  
  14  1:24  Barracks  
  15  1:39  Refinery  
  15  1:41  Reaper  
  16  1:59  Reaper  
  16  2:01  Bunker  
  17  2:11  SCV  
  17  2:13  Reaper  
  18  2:23  SCV  
  18  2:26  Reaper  
  20  2:34  Reaper  
  20  2:49  Reaper  
  26  2:58  Orbital Command  
  20  3:03  Reaper  
  21  3:06  Reaper  
  21  3:21  Reaper  
  22  3:35  Reaper  
  22  3:40  Supply Depot  
  23  3:49  SCV  
  23  4:02  SCV, Reaper x2  
  26  4:07  Reaper  
  27  4:31  Supply Depot  
  27  4:34  Reaper x2  
  29  4:39  Reaper  
  29  4:46  SCV  
  30  5:00  SCV  
  30  5:06  Reaper x2  
  33  5:11  Reaper  
  33  5:12  SCV  
  35  5:17  Supply Depot  
  33  5:33  SCV  
  33  5:38  Reaper x2  
  34  5:43  Reaper  
  36  5:54  Barracks  
  36  5:56  Barracks  
  35  6:09  SCV  
  35  6:10  Reaper x2  
  36  6:15  Reaper  
  37  6:21  SCV  
  37  6:33  SCV  
Show
View Real Time Build Order
Export as new Build Order

iAsonu Zerg 

Build Orders: Pool First 

Get SALT Encoding   

  12  0:01  Drone  
  13  0:13  Overlord  
  13  0:18  Drone  
  14  0:31  Drone  
  14  0:33  Drone  
  16  0:36  Drone  
  17  0:48  Spawning Pool  
  16  0:50  Drone  
  16  0:51  Extractor  
  16  0:59  Drone  
  17  1:09  Drone  
  18  1:21  Hatchery  
  17  1:35  Queen  
  17  1:36  Zergling x4  
  21  1:47  Roach Warren  
  21  1:50  Drone  
  21  1:54  Drone  
  21  2:10  Overlord  
  21  2:28  Queen  
  23  2:32  Roach x2  
  23  2:36  Roach x2  
  31  2:43  Roach x2  
  30  3:04  Roach  
  32  3:11  Drone  
  33  3:33  Drone x3  
  36  3:39  Overlord  
  36  3:40  Overlord  
  36  3:44  Overlord x2  
  36  3:50  Overlord  
  36  3:55  Overlord  
  36  4:00  Roach  
  38  4:09  Drone  
  39  4:14  Roach x2  
  43  4:28  Roach x2  
  47  4:36  Drone x2  
  47  4:42  Roach  
  47  4:43  Roach  
  49  4:46  Drone  
  49  4:47  Queen  
  54  5:00  Roach  
  54  5:05  Drone x3  
  57  5:12  Drone  
  58  5:15  Drone  
  58  5:16  Drone  
  56  5:29  Roach x2  
  56  5:40  Roach x2  
  58  5:43  Queen x2  
  58  5:46  Roach  
  64  5:51  Extractor  
  64  5:53  Spine Crawler, Roach  
  64  6:02  Roach  
  56  6:09  Roach  
  52  6:15  Zergling x2  
  45  6:19  Queen x2  
  43  6:26  Roach  
  43  6:27  Roach  
  34  6:41  Drone  

Tags
 
Add a new tag
Caveats
  • Supply blocks, unpowered buildings, or Contaminate may cause inaccurate times.
  • Supply counts are checked every 10 seconds.